Map: Acid Plant LE

Players

Zeal

  • Race: Protoss Protoss
  • League: Master
  • Spawn Location: 11:00

McMonroe - Winner!

  • Race: Zerg Zerg
  • League: Master
  • Spawn Location: 5:00

VOD

Have the link to the VOD?

Description

Time

  • Played on: Nov. 13, 2018, 1:09 a.m.
  • Length: 9:43
Show
View Real Time Build Order
Export as new Build Order

Zeal Protoss 

Build Orders: 1 Gate Expand, Chargelot Immortal 

Get SALT Encoding   

  12  0:00  Probe  
  13  0:13  Probe  
  14  0:18  Pylon  
  14  0:24  Probe  
  15  0:32  Probe  
  15  0:38  Gateway  
  15  0:40  Probe  
  16  0:48  Assimilator  
  17  0:51  Probe  
  18  1:03  Probe  
  19  1:15  Probe  
  20  1:25  Nexus  
  20  1:34  Cybernetics Core  
  20  1:38  Probe  
  21  1:43  Assimilator  
  21  1:50  Probe  
  21  1:53  Pylon  
  22  2:01  Stalker  
  22  2:02  Probe  
  23  2:14  Probe  
  26  2:18  Twilight Council  
  26  2:26  Probe  
  27  2:34  Probe x2  
  27  2:36  Adept  
  27  2:41  Warp Gate  
  27  2:42  Probe x2  
  33  2:52  Probe x2  
  35  3:01  Robotics Facility, Charge  
  35  3:04  Probe  
  35  3:05  Probe  
  37  3:28  Gateway  
  37  3:29  Gateway  
  37  3:31  Gateway  
  37  3:34  Gateway  
  37  3:40  Gateway  
  37  3:45  Gateway, Warp Prism  
  37  3:49  Gateway  
  39  3:58  Assimilator  
  39  4:06  Pylon  
  39  4:07  Pylon  
  39  4:39  Zealot  
  39  4:40  Zealot x5  
  39  4:43  Pylon  
  39  4:45  Pylon  
  51  4:46  Zealot  
  51  4:47  Zealot  
  55  5:00  Zealot x3  
  55  5:01  Zealot x2  
  55  5:02  Zealot x2  
  69  5:25  Zealot x4  
  73  5:42  Zealot x3  
  77  5:49  Zealot x5  
  73  5:55  Zealot x5  
  63  6:02  Zealot x3  
  57  6:06  Immortal  
  45  6:19  Probe x2  
  47  6:28  Zealot x3  
  47  6:29  Zealot  
  47  6:32  Zealot x3  
  53  6:34  Sentry x3  
  53  6:36  Probe  
  53  6:37  Probe  
  61  6:42  Pylon  
  61  6:48  Immortal  
  61  6:52  Probe  
  61  6:53  Probe  
  57  7:00  Probe  
  57  7:01  Assimilator  
  63  7:02  Probe  
  63  7:05  Forge  
  65  7:10  Probe x2  
  67  7:20  Immortal  
  67  7:22  Probe x2  
  73  7:32  Pylon  
  73  7:34  Zealot x4  
  81  7:38  Pylon  
  81  7:49  Pylon  
  81  7:51  Immortal  
  81  8:04  Nexus  
  85  8:06  Sentry  
  85  8:07  Sentry  
  85  8:08  Sentry  
  91  8:23  Sentry  
  91  8:24  Zealot x3  
  91  8:26  Sentry  
  101  8:31  Zealot x2  
  105  8:41  Pylon  
  105  8:43  Pylon  
  105  8:59  Zealot  
  105  9:00  Zealot x4  
  105  9:01  Sentry  
  105  9:02  Sentry  
  93  9:19  Zealot  
  93  9:21  Zealot x3  
  95  9:28  Zealot x2  
  77  9:33  Zealot x2  
Show
View Real Time Build Order
Export as new Build Order

McMonroe Zerg - Winner!

Build Orders: Hatch First 

Get SALT Encoding   

  12  0:00  Drone  
  13  0:12  Overlord  
  13  0:16  Drone  
  14  0:30  Drone x2  
  16  0:47  Hatchery  
  15  0:51  Drone  
  15  0:54  Drone  
  17  0:58  Drone  
  18  1:08  Extractor  
  17  1:13  Spawning Pool  
  17  1:16  Drone  
  17  1:19  Drone  
  18  1:27  Drone  
  19  1:39  Drone  
  20  1:49  Overlord  
  20  2:00  Queen x2, Zergling x2  
  20  2:01  Zergling x2  
  26  2:10  Drone  
  26  2:13  Drone  
  28  2:21  Drone x2  
  30  2:36  Hatchery  
  29  2:40  Drone x2  
  29  2:44  Overlord  
  31  2:51  Queen  
  31  2:54  Drone  
  31  2:57  Drone  
  35  2:59  Drone  
  35  3:04  Drone  
  35  3:05  Drone  
  38  3:09  Drone x2, Overlord  
  38  3:12  Drone x2  
  42  3:14  Drone  
  43  3:29  Lair  
  43  3:30  Roach Warren, Drone x2  
  43  3:32  Extractor  
  43  3:33  Extractor  
  42  3:34  Drone  
  42  3:36  Drone  
  44  3:42  Drone x4  
  44  3:48  Overlord  
  48  3:56  Drone x2  
  48  3:59  Drone  
  51  4:06  Drone  
  51  4:07  Drone x2  
  51  4:08  Drone  
  55  4:11  Overlord  
  55  4:12  Overlord  
  55  4:14  Roach x3  
  61  4:22  Roach x2  
  61  4:24  Overlord  
  65  4:29  Glial Reconstitution  
  65  4:32  Overseer  
  65  4:35  Roach x3  
  65  4:37  Overseer  
  71  4:43  Drone x4  
  71  4:44  Extractor, Drone  
  75  4:49  Drone  
  76  4:53  Roach x2  
  76  4:59  Roach x3  
  86  5:04  Roach x2  
  86  5:05  Overlord x2  
  90  5:07  Overlord  
  90  5:09  Overlord  
  90  5:14  Evolution Chamber  
  88  5:22  Roach  
  88  5:27  Roach x6  
  80  5:39  Roach x3  
  86  5:45  Roach  
  86  5:46  Roach  
  84  5:51  Roach x2  
  82  5:58  Roach x3  
  82  6:03  Ravager  
  79  6:05  Roach x2  
  79  6:09  Roach, Zergling x4  
  79  6:11  Extractor  
  80  6:17  Roach  
  80  6:22  Drone x2  
  80  6:23  Drone  
  84  6:26  Drone  
  85  6:34  Roach x4  
  85  6:36  Drone x2  
  95  6:47  Roach x4  
  103  7:03  Overseer  
  103  7:04  Queen  
  103  7:06  Drone x9  
  103  7:07  Drone  
  114  7:12  Roach  
  114  7:13  Roach x2  
  120  7:25  Overlord x3  
  120  7:32  Overlord  
  120  7:36  Ravager  
  121  7:46  Spire  
  121  7:48  Drone x3  
  121  7:49  Drone  
  121  7:50  Extractor  
  122  7:52  Roach x6  
  134  8:06  Roach x9  
  152  8:14  Overlord x2  
  152  8:20  Drone  
  152  8:21  Extractor, Drone  
  152  8:25  Overlord x3  
  153  8:33  Drone  
  154  8:43  Ravager x5  
  154  8:47  Roach x5  
  154  8:48  Overlord x4  
  169  8:59  Roach x5  
  179  9:08  Mutalisk x2  
  181  9:12  Roach  
  181  9:15  Roach  
  151  9:19  Mutalisk  
  151  9:21  Roach  
  151  9:22  Roach  
Tags
 
Add a new tag
Caveats
  • Supply blocks, unpowered buildings, or Contaminate may cause inaccurate times.
  • Supply counts are checked every 10 seconds.